 Dungeon Crawl Stone Soup version 0.21.1-1-g345015f (webtiles) character file.

36 letownia2 the Ruffian (level 3, -1/27 HPs)
             Began as a Demonspawn Gladiator on July 15, 2018.
             Slain by an orc
             ... wielding a +0 flail
              (4 damage)
             ... on level 5 of the Dungeon.
             The game lasted 00:03:18 (610 turns).

letownia2 the Ruffian (Demonspawn Gladiator)         Turns: 610, Time: 00:03:19

Health: -1/27      AC:  6    Str: 15    XL:     3   Next: 19%
Magic:  3/3        EV: 13    Int:  9    God:
Gold:   42         SH:  4    Dex: 14    Spells: 2/2 levels left

rFire    . . .     SeeInvis .     - Unarmed
rCold    . . .     Gourm    .   (no shield)
rNeg     . . .     Faith    .   h - +0 ring mail (curse)
rPois    .         Spirit   .   b - +0 helmet
rElec    .         Reflect  .   (no cloak)
rCorr    .         Harm     .   (no gloves)
MR       .....                  (no boots)
Stlth    +.........             (no amulet)
HPRegen  0.09/turn              j - +1 ring of evasion
MPRegen  0.08/turn              (no ring)

@: no status effects
A: large bone plates 1, rot immunity
a: no special abilities


You were on level 5 of the Dungeon.
You were not hungry.

You visited 1 branch of the dungeon, and saw 5 of its levels.

You collected 42 gold pieces.

Inventory:

Hand Weapons
 g - a +0 mace of protection
Missiles
 c - a throwing net (quivered)
 k - 15 bolts
Armour
 a - a +0 leather armour
 b - a +0 helmet (worn)
 h - a cursed +0 ring mail (worn)
Jewellery
 j - a +1 ring of evasion (left hand)
Scrolls
 e - a scroll of enchant weapon {unknown}
 f - a scroll of identify {unknown}
 i - a scroll of amnesia {unknown}
 m - a scroll of remove curse {unknown}
Potions
 l - a potion of curing {unknown}
 n - a potion of magic {unknown}
Comestibles
 d - 3 rations


   Skills:
 - Level 2.0 Fighting
 - Level 1.8 Throwing
 - Level 2.9 Dodging
 + Level 3.7 Unarmed Combat


You had 2 spell levels left.
You didn't know any spells.

Dungeon Overview and Level Annotations

Branches:
Dungeon (5/15)
 Temple: D:4-7

Altars:

Annotations:
D:5 eyesofgods1's ghost, amateur GnWn


Innate Abilities, Weirdness & Mutations

You are partially covered in large bone plates. (SH +4)
You are immune to rotting.


Message History

The orc is heavily wounded.
The orc barely misses you. The orc hits you.
* * * LOW HITPOINT WARNING * * *
The orc hits you but does no damage.
You hit the orc.
The orc is severely wounded.
The orc closely misses you. The orc hits you with a flail.
* * * LOW HITPOINT WARNING * * *
You block the orc's attack.
You closely miss the orc.
The orc is severely wounded.
The orc completely misses you. The orc closely misses you.
You hit the orc but do no damage.
The orc is severely wounded.
The orc barely misses you. x3
You hit the orc.
You kill the orc!
You block the orc's attack. The orc hits you but does no damage.
You barely miss the orc. The orc hits you with a flail.
You die...

##### #.o@#
#.oo##+##
#..o#...####
#..........#
#....<.....#
#......o.....
#..........##
#..........#
#..(.......#


You could see 4 orcs.

Vanquished Creatures
  2 oozes
  An adder zombie (D:4)
  A leopard gecko (D:4)
  2 orcs
  A ball python (D:4)
  2 bats
  3 giant cockroaches
  A goblin (D:1)
  2 hobgoblins
  A quokka (D:4)
  3 frilled lizards
  A rat (D:2)
20 creatures vanquished.

Notes
Turn   | Place    | Note
-------+----------+-------------------------------------------
     0 | D:1      | letownia2 the Demonspawn Gladiator began the quest for the Orb.
     0 | D:1      | Reached XP level 1. HP: 16/16 MP: 1/1
   112 | D:2      | Reached skill level 3 in Unarmed Combat
   112 | D:2      | Gained mutation: You are partially covered in large bone plates. (SH +4) [demonic ancestry]
   112 | D:2      | Reached XP level 2. HP: 7/22 MP: 2/2
   390 | D:4      | Noticed a phantom
   405 | D:5      | Entered Level 5 of the Dungeon
   405 | D:5      | Noticed eyesofgods1's ghost (amateur GnWn)
   495 | D:4      | Gained mutation: You are immune to rotting. [demonic ancestry]
   495 | D:4      | Reached XP level 3. HP: 17/27 MP: 3/3
   539 | D:4      | HP: 1/27 [phantom (8)]
   562 | D:4      | Noticed an ogre
   610 | D:5      | Slain by an orc

Skill      XL: |  1 |
---------------+----+-----
Unarmed Combat | 3 |  3.7
Fighting       | |  2.0
Throwing       | |  1.8
Dodging        | |  2.9

Action                   || total
-------------------------++-------
Melee: Unarmed           ||   140
Throw: Throwing net      ||     2
Armor: Leather armour    ||     7
       Ring mail         ||    22
Dodge: Dodged            ||    86
Block: Other             ||    23
